[Event "33rd Pula Open 2019"]
[Site "Pula"]
[Date "2019.06.23"]
[Round "2.14"]
[White "Pecnik, Leo"]
[Black "Olesiak, Marcin"]
[Result "1-0"]
[ECO "A30"]
[WhiteElo "2334"]
[BlackElo "2038"]
[Annotator "NA"]
[PlyCount "57"]
[EventDate "2019.06.22"]
[EventType "swiss"]
[EventCountry "CRO"]
[SourceTitle "playchess.com"]
[Source "ChessBase"]
[SourceQuality "1"]
[TimeControl "5400+30"]

1. Nf3 c5 2. g3 b6 3. Bg2 Bb7 4. O-O Nf6 5. c4 e6 6. Nc3 d6 7. b3 a6 8. d4 cxd4 9. Qxd4 Nbd7 10. Rd1 Rc8 11. Ng5 Bxg2 12. Kxg2 Rc6 13. Bb2 Be7 14. Rac1 O-O 15. Nge4 Qc7 16. Nxf6+ Nxf6 17. e4 Rc8 18. a4 Bf8 19. f3 Nd7 20. Qe3 Qb7 21. Ne2 R6c7 22. Nd4 d5 23. exd5 exd5 24. Nf5 dxc4 25. Bxg7 Rc6 26. Bxf8 Re6 27. Qg5+ Kxf8 28. Rxd7 Re2+ 29. Kh3 1-0

[Event "33rd Pula Open 2019"]
[Site "Pula"]
[Date "2019.06.23"]
[Round "2.15"]
[White "Jansen, Dirk Norbert"]
[Black "Maier, Christian"]
[Result "1/2-1/2"]
[ECO "C54"]
[WhiteElo "2158"]
[BlackElo "2299"]
[Annotator "ChessBase"]
[PlyCount "60"]
[EventDate "2019.06.22"]
[EventType "swiss"]
[EventCountry "CRO"]
[SourceTitle "playchess.com"]
[Source "ChessBase"]
[SourceQuality "1"]
[TimeControl "5400+30"]

1. e4 e5 2. Nf3 Nc6 3. Bc4 Bc5 4. O-O d6 5. h3 Nf6 6. d3 h6 7. c3 Bb6 8. Re1 O-O 9. Nbd2 Re8 10. Bb5 a6 11. Ba4 Bd7 12. Nf1 Ne7 13. Bxd7 Qxd7 14. Be3 Bxe3 15. Nxe3 Ng6 16. Kh2 Rad8 17. Qc2 d5 18. Rad1 c6 19. g3 Qe6 20. a4 a5 21. Rb1 b5 22. b3 Qe7 23. axb5 dxe4 24. dxe4 cxb5 25. c4 Qc5 26. Ra1 Ra8 27. Kg2 Rec8 28. Rec1 a4 29. cxb5 Qf8 30. Nc4 axb3 1/2-1/2

[Event "33rd Pula Open 2019"]
[Site "Pula"]
[Date "2019.06.24"]
[Round "3.3"]
[White "Jovanovic, Zoran"]
[Black "Blagojevic, Marijan"]
[Result "1-0"]
[ECO "B80"]
[WhiteElo "2503"]
[BlackElo "2192"]
[Annotator "RC"]
[PlyCount "53"]
[EventDate "2019.06.22"]
[EventType "swiss"]
[EventCountry "CRO"]
[SourceTitle "playchess.com"]
[Source "ChessBase"]
[SourceQuality "1"]
[TimeControl "5400+30"]

1. e4 c5 2. Ne2 e6 3. Nbc3 Nc6 4. g3 Nf6 5. Bg2 Be7 6. d4 cxd4 7. Nxd4 Nxd4 8. Qxd4 d6 9. O-O O-O 10. e5 dxe5 11. Qxe5 Bd6 12. Qe2 a6 13. Rd1 Qc7 14. Bg5 Be5 15. Rd3 h6 16. Re1 Nd7 17. Be7 Re8 18. Ba3 Bf6 19. Ne4 Be7 20. Nd6 Bxd6 21. Bxd6 Qa5 22. a3 Ra7 23. Qe3 b6 24. Bc6 Rd8 25. Red1 Nf6 26. Bb4 Rxd3 27. Rxd3 1-0

[Event "33rd Pula Open 2019"]
[Site "Pula"]
[Date "2019.06.24"]
[Round "3.4"]
[White "Fercec, Nenad"]
[Black "Oudshoorn, Arres"]
[Result "1-0"]
[ECO "B27"]
[WhiteElo "2446"]
[BlackElo "2175"]
[Annotator "NA RC"]
[PlyCount "57"]
[EventDate "2019.06.22"]
[EventType "swiss"]
[EventCountry "CRO"]
[SourceTitle "playchess.com"]
[Source "ChessBase"]
[SourceQuality "1"]
[TimeControl "5400+30"]

1. e4 c5 2. Nf3 g6 3. d4 cxd4 4. Qxd4 Nf6 5. e5 Nc6 6. Qa4 Nd5 7. Qe4 Nb6 8. Nc3 Bg7 9. Bf4 d5 10. exd6 Bf5 11. Qe3 O-O 12. O-O-O exd6 13. Rxd6 Qc8 14. Bh6 Re8 15. Qd2 Bh8 16. Bb5 Nb4 17. a3 Nxc2 18. Bxe8 Qxe8 19. Qf4 Nxa3 20. Re1 Qc8 21. Nd4 Nac4 22. Nxf5 Qxf5 23. Qxf5 gxf5 24. Rd3 f4 25. Bxf4 f5 26. Re7 Bf6 27. Rxb7 Nxb2 28. Kxb2 Na4+ 29. Kc2 1-0

[Event "33rd Pula Open 2019"]
[Site "Pula"]
[Date "2019.06.24"]
[Round "3.8"]
[White "Boric, Muhamed"]
[Black "Bochnickova, Andrea"]
[Result "1-0"]
[ECO "B80"]
[WhiteElo "2361"]
[BlackElo "2122"]
[Annotator "NA RC"]
[PlyCount "97"]
[EventDate "2019.06.22"]
[EventType "swiss"]
[EventCountry "CRO"]
[SourceTitle "playchess.com"]
[Source "ChessBase"]
[SourceQuality "1"]
[TimeControl "5400+30"]

1. Nf3 Nf6 2. d4 c5 3. g3 cxd4 4. Nxd4 e6 5. Bg2 Be7 6. O-O O-O 7. e4 d6 8. Nc3 a6 9. a4 Qc7 10. Re1 Nc6 11. b3 Rb8 12. Bb2 Nxd4 13. Qxd4 b6 14. Qd3 Bb7 15. Nd1 d5 16. exd5 Bxd5 17. Bxd5 Nxd5 18. Be5 Bd6 19. Bxd6 Qxd6 20. Qxa6 Rbc8 21. Qe2 Nb4 22. Ne3 Rc3 23. Nc4 Qc5 24. Rac1 h5 25. Qd2 Nd5 26. Re5 h4 27. Qxc3 Nxc3 28. Rxc5 bxc5 29. Kg2 hxg3 30. hxg3 Rd8 31. Ra1 Kf8 32. a5 Nb5 33. a6 Na7 34. Ra5 Rc8 35. Nb6 Rc7 36. Rxc5 Rxc5 37. Nd7+ Ke7 38. Nxc5 Kd6 39. Ne4+ Kd5 40. Kf3 f6 41. Ke3 Kc6 42. c4 Kb6 43. b4 Kxa6 44. Nc5+ Kb6 45. Nxe6 g5 46. Nd4 Nc8 47. c5+ Kc7 48. Ke4 Ne7 49. b5 1-0

[Event "33rd Pula Open 2019"]
[Site "Pula"]
[Date "2019.06.24"]
[Round "3.9"]
[White "Van der Zon, Stef"]
[Black "Jelen, Igor"]
[Result "1/2-1/2"]
[ECO "B33"]
[WhiteElo "2148"]
[BlackElo "2353"]
[Annotator "NA RC"]
[PlyCount "59"]
[EventDate "2019.06.22"]
[EventType "swiss"]
[EventCountry "CRO"]
[SourceTitle "playchess.com"]
[Source "ChessBase"]
[SourceQuality "1"]
[TimeControl "5400+30"]

1. e4 c5 2. Nf3 Nc6 3. d4 cxd4 4. Nxd4 Nf6 5. Nc3 e5 6. Ndb5 d6 7. Bg5 a6 8. Na3 b5 9. Nd5 Be7 10. Bxf6 Bxf6 11. c3 Bg5 12. Nc2 O-O 13. a4 bxa4 14. Rxa4 a5 15. b3 Bb7 16. Bc4 Nb8 17. O-O Nd7 18. b4 Rc8 19. Qd3 axb4 20. cxb4 Nb6 21. Nxb6 Qxb6 22. b5 Qc5 23. Na1 Rb8 24. Nb3 Qb6 25. Rd1 Be7 26. Na5 Ba8 27. Rb1 Rfc8 28. g3 Bd8 29. Qb3 Qc7 30. Bd5 1/2-1/2

[Event "33rd Pula Open 2019"]
[Site "Pula"]
[Date "2019.06.24"]
[Round "3.10"]
[White "Medak, Bojan"]
[Black "Kundianok, Vladislav"]
[Result "1-0"]
[ECO "A16"]
[WhiteElo "2342"]
[BlackElo "2117"]
[Annotator "NA RC"]
[PlyCount "59"]
[EventDate "2019.06.22"]
[EventType "swiss"]
[EventCountry "CRO"]
[SourceTitle "playchess.com"]
[Source "ChessBase"]
[SourceQuality "1"]
[TimeControl "5400+30"]

1. c4 Nf6 2. Nc3 g6 3. g3 Bg7 4. Bg2 O-O 5. e3 d6 6. Nge2 Nbd7 7. O-O c6 8. b4 d5 9. cxd5 cxd5 10. Bb2 Ne5 11. d3 Bf5 12. Nf4 g5 13. Ncxd5 Nxd5 14. Nxd5 Bg4 15. Qd2 Nf3+ 16. Bxf3 Bxf3 17. Bxg7 Kxg7 18. e4 e6 19. Qe3 g4 20. Nf4 e5 21. Ng2 f5 22. exf5 Rxf5 23. Nh4 Rf6 24. Qg5+ Kf7 25. Qxe5 Qxd3 26. Rac1 Rf8 27. Rc7+ Kg8 28. Qg5+ Rg6 29. Nxg6 hxg6 30. Qe7 1-0

[Event "33rd Pula Open 2019"]
[Site "Pula"]
[Date "2019.06.24"]
[Round "3.11"]
[White "Urh, Zala"]
[Black "Pecnik, Leo"]
[Result "0-1"]
[ECO "D20"]
[WhiteElo "2127"]
[BlackElo "2334"]
[Annotator "NA RC"]
[PlyCount "80"]
[EventDate "2019.06.22"]
[EventType "swiss"]
[EventCountry "CRO"]
[SourceTitle "playchess.com"]
[Source "ChessBase"]
[SourceQuality "1"]
[TimeControl "5400+30"]

1. d4 d5 2. c4 dxc4 3. e4 e5 4. Nf3 exd4 5. Bxc4 Nc6 6. O-O Be6 7. Bb5 Bc5 8. b4 Bb6 9. a4 a6 10. Bxc6+ bxc6 11. Bb2 Qd6 12. Qd2 Rd8 13. Qg5 Ne7 14. e5 Qd5 15. Nbd2 Nf5 16. h4 O-O 17. Rfe1 h6 18. Qf4 c5 19. Ne4 Qb3 20. Bc1 cxb4 21. h5 Kh8 22. g4 Ne7 23. g5 Nf5 24. gxh6 Nxh6 25. Kh2 Ng4+ 26. Kg2 Qd5 27. Rh1 Nh6 28. Rg1 Bg4 29. Nh4 Rde8 30. f3 Bc8 31. Nf6 Qxe5 32. Nxe8 Rxe8 33. Ra2 Qe6 34. Qg3 Qf6 35. Bg5 Qe6 36. Raa1 Nf5 37. Nxf5 Qxf5 38. Rae1 Re6 39. Kh2 d3 40. Rxe6 Bxg1+ 0-1

[Event "33rd Pula Open 2019"]
[Site "Pula"]
[Date "2019.06.24"]
[Round "3.12"]
[White "Meglic, Jaka"]
[Black "Trkulja, Goran"]
[Result "0-1"]
[ECO "B42"]
[WhiteElo "2121"]
[BlackElo "2299"]
[Annotator "NA"]
[PlyCount "116"]
[EventDate "2019.06.22"]
[EventType "swiss"]
[EventCountry "CRO"]
[SourceTitle "playchess.com"]
[Source "ChessBase"]
[SourceQuality "1"]
[TimeControl "5400+30"]

1. e4 c5 2. Nf3 d6 3. d4 cxd4 4. Nxd4 Nf6 5. Nc3 a6 6. Be3 e6 7. Bd3 b5 8. a3 Bb7 9. O-O Nbd7 10. f4 Qc7 11. Qf3 Nc5 12. Rae1 g6 13. Kh1 Bg7 14. Bg1 O-O 15. Qe2 d5 16. e5 Nfe4 17. Bxe4 Nxe4 18. Nd1 Rae8 19. Nf2 g5 20. Nd3 gxf4 21. Qg4 f5 22. Qxf4 Qf7 23. Be3 Kh8 24. g4 Qg6 25. g5 Rg8 26. Rg1 Bf8 27. Rg2 a5 28. Reg1 Nc5 29. Ne1 b4 30. axb4 axb4 31. b3 Nd7 32. Nef3 Bg7 33. Bd2 Bf8 34. h4 Qh5 35. Kh2 Bc5 36. Be3 Nf8 37. Qg3 Ng6 38. Bf2 Re7 39. Kh3 Rc8 40. Ra1 Kg8 41. Ne1 Rec7 42. Rh2 Kf7 43. Qf3 Qg4+ 44. Qxg4 fxg4+ 45. Kxg4 Nxe5+ 46. Kh3 Ng6 47. h5 Nf4+ 48. Kg4 e5 49. Nb5 Rd7 50. Kf5 Bf8 51. Kxe5 Bg7+ 52. Kxf4 Bxa1 53. Bd4 Bxd4 54. Nxd4 Re7 55. Nef3 Re4+ 56. Kf5 Rf8 57. g6+ Kg7+ 58. Kg5 h6# 0-1

[Event "33rd Pula Open 2019"]
[Site "Pula"]
[Date "2019.06.24"]
[Round "3.13"]
[White "Markowski, Damian"]
[Black "Kozarcanin, Sead"]
[Result "1-0"]
[ECO "C54"]
[WhiteElo "2290"]
[BlackElo "1975"]
[Annotator "NA"]
[PlyCount "65"]
[EventDate "2019.06.22"]
[EventType "swiss"]
[EventCountry "CRO"]
[SourceTitle "playchess.com"]
[Source "ChessBase"]
[SourceQuality "1"]
[TimeControl "5400+30"]

1. e4 e5 2. Nf3 Nc6 3. Bc4 Bc5 4. O-O Nf6 5. d3 d6 6. c3 Bg4 7. Nbd2 O-O 8. Re1 Ne7 9. h3 Bh5 10. Nf1 c6 11. Bb3 a5 12. Ng3 Qb6 13. Qe2 a4 14. Bc2 h6 15. Rb1 g5 16. Nxh5 Nxh5 17. d4 exd4 18. cxd4 Bb4 19. Rd1 Ng6 20. a3 Nhf4 21. Qe3 Ba5 22. g3 Nh5 23. h4 Qd8 24. hxg5 hxg5 25. Kg2 g4 26. Nh2 Nf6 27. e5 Nd5 28. Qh6 Qd7 29. Qh5 Rfd8 30. Nxg4 Kf8 31. Bf5 Qc7 32. e6 Nde7 33. Bh6+ 1-0

[Event "33rd Pula Open 2019"]
[Site "Pula"]
[Date "2019.06.24"]
[Round "3.14"]
[White "Klaric, Zoran"]
[Black "Halfhide, Sebastian"]
[Result "1/2-1/2"]
[ECO "A02"]
[WhiteElo "2086"]
[BlackElo "2286"]
[Annotator "NA"]
[PlyCount "62"]
[EventDate "2019.06.22"]
[EventType "swiss"]
[EventCountry "CRO"]
[SourceTitle "playchess.com"]
[Source "ChessBase"]
[SourceQuality "1"]
[TimeControl "5400+30"]

1. f4 c5 2. b3 b6 3. Nf3 Bb7 4. e3 e6 5. Bb2 Nh6 6. Be2 Nf5 7. O-O Nc6 8. c4 Be7 9. Nc3 O-O 10. Bd3 Nh4 11. a3 f5 12. Be2 Rb8 13. Rb1 a6 14. Qe1 Ba8 15. Qg3 Nxf3+ 16. Bxf3 Bf6 17. Na4 d6 18. Bxf6 Qxf6 19. Nc3 b5 20. cxb5 axb5 21. a4 bxa4 22. bxa4 Nb4 23. Nb5 Qe7 24. d4 Nd5 25. dxc5 dxc5 26. e4 fxe4 27. Bxe4 Nb6 28. Bc2 Rbd8 29. Rf2 c4 30. Qh3 g6 31. Re1 Rf6 1/2-1/2

[Event "33rd Pula Open 2019"]
[Site "Pula"]
[Date "2019.06.24"]
[Round "3.15"]
[White "Kyc, Jerzy"]
[Black "Nareks, Matic"]
[Result "1-0"]
[ECO "B06"]
[WhiteElo "2279"]
[BlackElo "1937"]
[Annotator "NA"]
[PlyCount "67"]
[EventDate "2019.06.22"]
[EventType "swiss"]
[EventCountry "CRO"]
[SourceTitle "playchess.com"]
[Source "ChessBase"]
[SourceQuality "1"]
[TimeControl "5400+30"]

1. e4 g6 2. d4 d6 3. Nf3 Bg7 4. h3 a6 5. Nc3 b5 6. Be3 Bb7 7. Bd3 Nd7 8. a4 b4 9. Ne2 c5 10. O-O Rc8 11. Ng3 Ngf6 12. c3 c4 13. Bb1 bxc3 14. bxc3 O-O 15. Qc1 Qa5 16. Ra3 Rb8 17. Bh6 e5 18. Bxg7 Kxg7 19. Qg5 Kh8 20. Kh2 Qb6 21. a5 Qc7 22. Ra4 exd4 23. cxd4 Rfe8 24. Rc1 Nxe4 25. Bxe4 Bxe4 26. Nxe4 Rxe4 27. Raxc4 Qd8 28. Qxd8+ Rxd8 29. Rc6 Nb8 30. Rc7 Kg7 31. Ng5 Re2 32. Rxf7+ Kh6 33. f4 Rh8 34. Rcc7 1-0

[Event "33rd Pula Open 2019"]
[Site "Pula"]
[Date "2019.06.24"]
[Round "4.1"]
[White "Trkulja, Goran"]
[Black "Saric, Ante"]
[Result "0-1"]
[ECO "B31"]
[WhiteElo "2299"]
[BlackElo "2542"]
[Annotator "ChessBase"]
[PlyCount "58"]
[EventDate "2019.06.22"]
[EventType "swiss"]
[EventCountry "CRO"]
[SourceTitle "playchess.com"]
[Source "ChessBase"]
[SourceQuality "1"]
[TimeControl "5400+30"]

1. e4 c5 2. Nc3 Nc6 3. Nf3 g6 4. Bb5 Bg7 5. O-O Nd4 6. Re1 Nxb5 7. Nxb5 d6 8. e5 dxe5 9. Nxe5 Nf6 10. d3 O-O 11. Be3 Nd7 12. Bf4 f6 13. Nc4 e5 14. Bd2 Nb6 15. Ba5 Qd7 16. Ncd6 Nd5 17. Qf3 Ne7 18. d4 Nc6 19. Qd5+ Kh8 20. dxe5 Nxa5 21. e6 Qe7 22. Rad1 Nc6 23. f4 f5 24. Nf7+ Kg8 25. Nbd6 Nd4 26. c3 Bxe6 27. Ng5 Bxd5 28. Rxe7 Bf6 29. Re3 Rad8 0-1

[Event "33rd Pula Open 2019"]
[Site "Pula"]
[Date "2019.06.24"]
[Round "4.2"]
[White "Markowski, Damian"]
[Black "Jovanovic, Zoran"]
[Result "0-1"]
[ECO "C44"]
[WhiteElo "2290"]
[BlackElo "2503"]
[Annotator "ChessBase"]
[PlyCount "38"]
[EventDate "2019.06.22"]
[EventType "swiss"]
[EventCountry "CRO"]
[SourceTitle "playchess.com"]
[Source "ChessBase"]
[SourceQuality "1"]
[TimeControl "5400+30"]

1. e4 d6 2. d4 Nf6 3. Bd3 e5 4. c3 Nc6 5. Nf3 Bg4 6. Be3 d5 7. Qb3 exd4 8. cxd4 Bb4+ 9. Nc3 dxe4 10. Ng5 Qe7 11. Bb5 O-O 12. a3 Bxc3+ 13. bxc3 a6 14. Bxc6 bxc6 15. Qb4 Qd7 16. O-O h6 17. Nxe4 Nxe4 18. f3 Nf6 19. fxg4 Nd5 0-1

[Event "33rd Pula Open 2019"]
[Site "Pula"]
[Date "2019.06.24"]
[Round "4.3"]
[White "Kyc, Jerzy"]
[Black "Fercec, Nenad"]
[Result "1-0"]
[ECO "B94"]
[WhiteElo "2279"]
[BlackElo "2446"]
[Annotator "NA"]
[PlyCount "51"]
[EventDate "2019.06.22"]
[EventType "swiss"]
[EventCountry "CRO"]
[SourceTitle "playchess.com"]
[Source "ChessBase"]
[SourceQuality "1"]
[TimeControl "5400+30"]

1. e4 c5 2. Nf3 d6 3. d4 cxd4 4. Nxd4 Nf6 5. Nc3 a6 6. Bg5 Nbd7 7. Bc4 g6 8. f3 Bg7 9. Qd2 O-O 10. O-O-O Ne5 11. Bb3 Bd7 12. Bh6 Bxh6 13. Qxh6 Rc8 14. h4 Rxc3 15. bxc3 Qa5 16. Kb1 Qxc3 17. Ne2 Qc5 18. h5 Nc4 19. hxg6 fxg6 20. e5 Nh5 21. g4 Rxf3 22. gxh5 Rxb3+ 23. axb3 Na3+ 24. Kb2 Qxc2+ 25. Kxa3 b5 26. Qd2 1-0

[Event "33rd Pula Open 2019"]
[Site "Pula"]
[Date "2019.06.24"]
[Round "4.4"]
[White "Filipovic, Branko"]
[Black "Tisaj, Domen"]
[Result "1/2-1/2"]
[ECO "B22"]
[WhiteElo "2371"]
[BlackElo "2232"]
[Annotator "NA"]
[PlyCount "96"]
[EventDate "2019.06.22"]
[EventType "swiss"]
[EventCountry "CRO"]
[SourceTitle "playchess.com"]
[Source "ChessBase"]
[SourceQuality "1"]
[TimeControl "5400+30"]

1. e4 c5 2. Nf3 Nc6 3. c3 Nf6 4. e5 Nd5 5. Bc4 Nb6 6. Bb3 d5 7. exd6 Qxd6 8. d4 cxd4 9. Na3 Be6 10. Nb5 Qd7 11. Bxe6 Qxe6+ 12. Be3 Qd7 13. Nbxd4 e6 14. O-O Be7 15. Nxc6 Qxc6 16. Qe2 Bf6 17. Bd4 Bxd4 18. Nxd4 Qc4 19. Qf3 Qd5 20. Rfd1 Qxf3 21. Nxf3 Rc8 22. a4 Ke7 23. a5 Nd5 24. a6 b6 25. Nd4 Rc5 26. g3 Rd8 27. Rd3 Ke8 28. f4 Nc7 29. Re3 Nb5 30. Nb3 Rcd5 31. Ree1 g6 32. Kf2 Rd3 33. Re5 Nd6 34. Nd4 Nf5 35. Nc6 R8d7 36. Re2 R3d6 37. Ne5 Rd8 38. Ra4 Ne7 39. Nc4 Rd1 40. Na3 R8d5 41. Nc2 R1d2 42. Nd4 Rxe2+ 43. Kxe2 Kd7 44. b4 e5 45. fxe5 Rxe5+ 46. Kd3 Nd5 47. c4 Ne7 48. b5 Nc6 1/2-1/2

[Event "33rd Pula Open 2019"]
[Site "Pula"]
[Date "2019.06.24"]
[Round "4.6"]
[White "Bakker, Guido"]
[Black "Medak, Bojan"]
[Result "0-1"]
[ECO "B07"]
[WhiteElo "2208"]
[BlackElo "2342"]
[Annotator "NA"]
[PlyCount "78"]
[EventDate "2019.06.22"]
[EventType "swiss"]
[EventCountry "CRO"]
[SourceTitle "playchess.com"]
[Source "ChessBase"]
[SourceQuality "1"]
[TimeControl "5400+30"]

1. d4 d6 2. e4 Nf6 3. Nc3 g6 4. Bg5 Bg7 5. Qd2 h6 6. Bh4 g5 7. Bg3 Nh5 8. O-O-O Nc6 9. Nge2 e6 10. f3 Nxg3 11. hxg3 Bd7 12. f4 Qf6 13. e5 dxe5 14. fxe5 Qf5 15. g4 Qxg4 16. g3 Ne7 17. Bg2 Bc6 18. Bh3 Qf3 19. Rh2 Nd5 20. Bg2 Qe3 21. Qxe3 Nxe3 22. Bxc6+ bxc6 23. Re1 c5 24. Nb5 O-O 25. Nxc7 Rac8 26. Na6 Ng4 27. Rhh1 cxd4 28. Nxd4 Nf2 29. Rhf1 Nd3+ 30. Kd2 Nxe1 31. Rxe1 Rfd8 32. c3 Rd5 33. Nb4 Rxe5 34. Rxe5 Bxe5 35. Ndc6 Bd6 36. Nxa7 Ra8 37. Nb5 Bxb4 38. cxb4 Rxa2 39. Kc2 Ra8 0-1

[Event "33rd Pula Open 2019"]
[Site "Pula"]
[Date "2019.06.24"]
[Round "4.7"]
[White "Pecnik, Leo"]
[Black "Doncevic, Dario"]
[Result "1-0"]
[ECO "B22"]
[WhiteElo "2334"]
[BlackElo "2230"]
[Annotator "NA"]
[PlyCount "61"]
[EventDate "2019.06.22"]
[EventType "swiss"]
[EventCountry "CRO"]
[SourceTitle "playchess.com"]
[Source "ChessBase"]
[SourceQuality "1"]
[TimeControl "5400+30"]

1. e4 c5 2. Nf3 Nc6 3. c3 d5 4. exd5 Qxd5 5. d4 Bg4 6. dxc5 Qxd1+ 7. Kxd1 e5 8. b4 e4 9. h3 O-O-O+ 10. Kc2 Bf5 11. g4 Bg6 12. Nh4 Be7 13. Nxg6 hxg6 14. Nd2 Nf6 15. g5 Nd5 16. Nxe4 f5 17. gxf6 gxf6 18. Bg2 f5 19. Nd6+ Bxd6 20. Bxd5 Be5 21. Be6+ Kc7 22. Bg5 Rde8 23. Bf7 Ref8 24. Bd5 f4 25. h4 f3 26. Rab1 Bf4 27. b5 Ne5 28. Be7 b6 29. Rb4 bxc5 30. Ra4 Kb6 31. Ra6+ 1-0

[Event "33rd Pula Open 2019"]
[Site "Pula"]
[Date "2019.06.24"]
[Round "4.8"]
[White "Grishchenko, Sergey"]
[Black "Suta, Andraz"]
[Result "1/2-1/2"]
[ECO "E46"]
[WhiteElo "2411"]
[BlackElo "2195"]
[Annotator "NA"]
[PlyCount "32"]
[EventDate "2019.06.22"]
[EventType "swiss"]
[EventCountry "CRO"]
[SourceTitle "playchess.com"]
[Source "ChessBase"]
[SourceQuality "1"]
[TimeControl "5400+30"]

1. d4 Nf6 2. c4 e6 3. Nc3 Bb4 4. e3 O-O 5. Nge2 Re8 6. a3 Bf8 7. d5 a5 8. g3 Na6 9. Bg2 Nc5 10. b3 exd5 11. cxd5 b6 12. O-O Ba6 13. Qc2 Bd3 14. Qd1 Ba6 15. Qc2 Bd3 16. Qd1 Ba6 1/2-1/2

[Event "33rd Pula Open 2019"]
[Site "Pula"]
[Date "2019.06.24"]
[Round "4.9"]
[White "Tratar, Marko"]
[Black "Uwira, Oliver"]
[Result "1-0"]
[ECO "A13"]
[WhiteElo "2463"]
[BlackElo "2184"]
[Annotator "ChessBase"]
[PlyCount "69"]
[EventDate "2019.06.22"]
[EventType "swiss"]
[EventCountry "CRO"]
[SourceTitle "playchess.com"]
[Source "ChessBase"]
[SourceQuality "1"]
[TimeControl "5400+30"]

1. c4 e6 2. Nf3 d5 3. b3 Nf6 4. Bb2 Be7 5. e3 O-O 6. Nc3 c6 7. Qc2 Nbd7 8. d4 a6 9. Bd3 b5 10. c5 a5 11. a3 Qc7 12. h3 Re8 13. Ne2 Nf8 14. Ne5 N6d7 15. f4 f6 16. Nxd7 Qxd7 17. g4 Bd8 18. Ng1 e5 19. dxe5 fxe5 20. Bxe5 Bh4+ 21. Ke2 Bf6 22. Nf3 Qe7 23. Rae1 Bxe5 24. Nxe5 g5 25. Kd1 Ne6 26. Nxc6 Qxc5 27. Bxh7+ Kh8 28. Bg6 Qxc2+ 29. Kxc2 Rf8 30. f5 Bb7 31. Nd4 Rac8+ 32. Kb1 Nxd4 33. exd4 Rc3 34. Kb2 b4 35. h4 1-0

[Event "33rd Pula Open 2019"]
[Site "Pula"]
[Date "2019.06.24"]
[Round "4.10"]
[White "Zufic, Miroslav"]
[Black "Van der Zon, Stef"]
[Result "1-0"]
[ECO "B30"]
[WhiteElo "2380"]
[BlackElo "2148"]
[Annotator "NA"]
[PlyCount "35"]
[EventDate "2019.06.22"]
[EventType "swiss"]
[EventCountry "CRO"]
[SourceTitle "playchess.com"]
[Source "ChessBase"]
[SourceQuality "1"]
[TimeControl "5400+30"]

1. e4 c5 2. Nf3 Nc6 3. Nc3 e5 4. Bc4 d6 5. d3 Be7 6. Nd2 Bg5 7. a4 Nf6 8. Nf1 Bxc1 9. Qxc1 O-O 10. Ne3 Nh5 11. Ncd5 Be6 12. c3 a6 13. Qd1 Nf4 14. g3 Nh3 15. Qh5 Qg5 16. Qxg5 Nxg5 17. h4 b5 18. Ba2 1-0

[Event "33rd Pula Open 2019"]
[Site "Pula"]
[Date "2019.06.24"]
[Round "4.11"]
[White "Van der Steen, Jan-Aart"]
[Black "Beletic, Daniel"]
[Result "0-1"]
[ECO "B12"]
[WhiteElo "2150"]
[BlackElo "2380"]
[Annotator "NA"]
[PlyCount "54"]
[EventDate "2019.06.22"]
[EventType "swiss"]
[EventCountry "CRO"]
[SourceTitle "playchess.com"]
[Source "ChessBase"]
[SourceQuality "1"]
[TimeControl "5400+30"]

1. e4 c6 2. d4 d5 3. e5 c5 4. dxc5 e6 5. Be3 Nh6 6. c3 Nf5 7. Bd4 Bd7 8. Nf3 Nc6 9. Be2 Nfxd4 10. cxd4 b6 11. cxb6 Qxb6 12. Qd2 Rb8 13. Nc3 Qxb2 14. Qxb2 Rxb2 15. Kd1 Be7 16. Rb1 Rxb1+ 17. Nxb1 O-O 18. Kd2 Rb8 19. Ke3 Rb2 20. a3 f6 21. exf6 gxf6 22. Rd1 Bf8 23. Nfd2 e5 24. dxe5 fxe5 25. Ba6 Bh6+ 26. Ke2 Nd4+ 27. Kf1 Ba4 0-1

[Event "33rd Pula Open 2019"]
[Site "Pula"]
[Date "2019.06.24"]
[Round "4.12"]
[White "Jelen, Igor"]
[Black "Rabus, Berthold"]
[Result "1/2-1/2"]
[ECO "D30"]
[WhiteElo "2353"]
[BlackElo "2123"]
[Annotator "NA"]
[PlyCount "78"]
[EventDate "2019.06.22"]
[EventType "swiss"]
[EventCountry "CRO"]
[SourceTitle "playchess.com"]
[Source "ChessBase"]
[SourceQuality "1"]
[TimeControl "5400+30"]

1. d4 d5 2. c4 c6 3. Nf3 Nf6 4. e3 e6 5. b3 Bb4+ 6. Nbd2 Nbd7 7. Bb2 O-O 8. Bd3 b6 9. O-O Bb7 10. e4 dxe4 11. Nxe4 Be7 12. Qe2 c5 13. Rad1 cxd4 14. Nxd4 Qc7 15. Ng5 Nc5 16. Bc2 h6 17. Nb5 Qc6 18. Nf3 a6 19. Nbd4 Qc7 20. Rfe1 Nce4 21. a3 Rac8 22. Nd2 Nxd2 23. Rxd2 Rfd8 24. Rdd1 Bc5 25. Bb1 Qf4 26. Qe3 Qg4 27. Qg3 Bxd4 28. Qxg4 Bxf2+ 29. Kxf2 Nxg4+ 30. Kg3 Nf6 31. Bd4 b5 32. Bb6 Rxd1 33. Rxd1 bxc4 34. bxc4 Ne4+ 35. Bxe4 Bxe4 36. c5 Bd5 37. Rd2 Kf8 38. Kf4 Ke7 39. Ke5 f6+ 1/2-1/2

[Event "33rd Pula Open 2019"]
[Site "Pula"]
[Date "2019.06.24"]
[Round "4.13"]
[White "Halfhide, Sebastian"]
[Black "Bucher, Grant W"]
[Result "1-0"]
[ECO "B00"]
[WhiteElo "2286"]
[BlackElo "2098"]
[Annotator "NA"]
[PlyCount "55"]
[EventDate "2019.06.22"]
[EventType "swiss"]
[EventCountry "CRO"]
[SourceTitle "playchess.com"]
[Source "ChessBase"]
[SourceQuality "1"]
[TimeControl "5400+30"]

1. e4 b6 2. d4 Bb7 3. Nd2 e6 4. Ngf3 c5 5. c3 Nf6 6. Bd3 cxd4 7. cxd4 Be7 8. O-O Ba6 9. Bxa6 Nxa6 10. d5 exd5 11. e5 Ne4 12. Nxe4 dxe4 13. Nd4 O-O 14. Qg4 g6 15. Qxe4 Re8 16. Qg4 Bf8 17. Bg5 Be7 18. Bf4 Bf8 19. Rad1 h5 20. Qh3 Nc5 21. Nb5 Ne6 22. Be3 Bc5 23. f4 Qe7 24. Nd6 Bxd6 25. exd6 Qd8 26. f5 Nf8 27. fxg6 fxg6 28. Qf3 1-0

[Event "33rd Pula Open 2019"]
[Site "Pula"]
[Date "2019.06.24"]
[Round "4.14"]
[White "Franciskovic, Borka"]
[Black "Klaric, Zoran"]
[Result "1-0"]
[ECO "E69"]
[WhiteElo "2261"]
[BlackElo "2086"]
[Annotator "NA"]
[PlyCount "57"]
[EventDate "2019.06.22"]
[EventType "swiss"]
[EventCountry "CRO"]
[SourceTitle "playchess.com"]
[Source "ChessBase"]
[SourceQuality "1"]
[TimeControl "5400+30"]

1. Nf3 Nf6 2. c4 g6 3. g3 Bg7 4. Bg2 O-O 5. O-O d6 6. d4 Nbd7 7. Nc3 c6 8. e4 e5 9. h3 Re8 10. Be3 exd4 11. Nxd4 Nc5 12. Qc2 Qe7 13. Rfe1 Nfd7 14. Rad1 Nf8 15. f4 Nfe6 16. Nde2 a5 17. Qd2 Bf8 18. f5 Ng7 19. Nf4 Nd7 20. g4 Ne5 21. b3 a4 22. Rf1 f6 23. fxg6 hxg6 24. Nfd5 cxd5 25. Nxd5 Qd8 26. Bb6 f5 27. Bxd8 Rxd8 28. exf5 gxf5 29. Qg5 1-0